 Dungeon Crawl Stone Soup version 0.27-b1-41-gafb5482f4b (webtiles) character file.

Game seed: 1410901277628603101

716 ubername the Chiller (level 7, -1/48 HPs)
             Began as a Barachi Ice Elementalist on July 28, 2021.
             Slain by a two-headed ogre (19 damage)
             ... on level 6 of the Dungeon.
             The game lasted 00:18:08 (6345 turns).

ubername the Chiller (Barachi Ice Elementalist)     Turns: 6345, Time: 00:18:08

Health: -1/48      AC: 10    Str:  9    XL:     7   Next: 69%
Magic:  9/14       EV: 12    Int: 17    God:
Gold:   233        SH:  0    Dex: 19    Spells: 8/15 levels left

rFire    + . .     SeeInvis +   e - +4 dagger of the Original Sin {drain, rF+ Will+}
rCold    . . .     Faith    .   (no shield)
rNeg     . . .     Spirit   .   h - +0 leather armour
rPois    .         Reflect  .   f - +2 hat
rElec    .         Harm     .   (no cloak)
rCorr    .         Rampage  .   (no gloves)
Will     +....                  (no boots)
Stlth    ++........             (no amulet)
HPRegen  0.16/turn              y - +6 ring of dexterity
MPRegen  0.14/turn              z - ring of see invisible

@: ice-armoured, freezing walls, slow
A: amphibious, slowness 1, strong legs 1, +LOS
a: Hop


You were on level 6 of the Dungeon.
You visited 1 branch of the dungeon, and saw 6 of its levels.

You collected 233 gold pieces.

Inventory:

Hand Weapons
 e - the +4 dagger of the Original Sin (weapon) {drain, rF+ Will+}
   (You found it on level 4 of the Dungeon)

   A truly terrible weapon, it drains the life of any living foe it strikes.
   rF:        It protects you from fire.
   Will:      It increases your willpower.
 k - a +1 dagger of venom
 m - a +0 short sword
 o - a +2 dagger of speed
 v - a +1 rapier of electrocution
Missiles
 c - 132 stones
 i - 17 poisoned darts (quivered)
 p - 5 boomerangs
Armour
 f - a +2 hat (worn)
 h - a +0 leather armour (worn)
Jewellery
 y - a +6 ring of dexterity (left hand)
 z - a ring of see invisible (right hand)
Wands
 g - a wand of mindburst (9)
Scrolls
 b - 2 scrolls of immolation
 j - 2 scrolls of teleportation
 n - a scroll of brand weapon
 t - 3 scrolls of amnesia
 u - 2 scrolls of enchant weapon
 x - a scroll of magic mapping
 A - a scroll of blinking {unknown}
 B - a scroll of acquirement {unknown}
Potions
 a - a potion of ambrosia {unknown}
 d - a potion of might
 l - a potion of degeneration {unknown}
 q - a potion of haste {unknown}
 r - a potion of mutation {unknown}
 w - a potion of curing {unknown}


   Skills:
 + Level 1.0 Fighting
 - Level 0.4(1.5) Short Blades
 * Level 2.6(2.7) Long Blades
 - Level 0.5(1.5) Slings
 * Level 2.2(2.3) Throwing
 - Level 3.1 Armour
 - Level 2.6 Dodging
 - Level 1.7 Stealth
 * Level 4.8 Spellcasting
 * Level 1.9 Conjurations
 + Level 6.9 Ice Magic


You had 8 spell levels left.
You knew the following spells:

 Your Spells              Type           Power      Damage    Failure   Level
a - Freeze                Ice            100%       1d11      1%          1
b - Frozen Ramparts       Ice            54%        1d7       3%          3
c - Ozocubu's Armour      Ice            27%        N/A       3%          3

Your spell library contained the following spells:

 Spells                   Type           Power      Damage    Failure   Level
 Foxfire                  Conj/Fire      28%        2x1d5     13%         1
 Pain                     Necr           16%        1d4       21%         1
 Static Discharge         Conj/Air       7%         N/A       21%         2
 Hailstorm                Conj/Ice       19%        3d6       32%         4
 Conjure Flame            Conj/Fire      7%         6-21      36%         3
 Dazzling Flash           Conj/Hex       14%        N/A       36%         3
 Gell's Gravitas          Tloc           2%         N/A       52%         3
 Inner Flame              Hex/Fire       4%         N/A       52%         3
 Teleport Other           Tloc           4%         N/A       52%         3
 Iskenderun's Mystic Bla  Conj/Tloc      7%         2d4       78%         4
 Sticky Flame             Conj/Fire      7%         2d3       78%         4
 Dispel Undead            Necr           4%         3d7       89%         4
 Agony                    Necr           4%         N/A       99%         5
 Excruciating Wounds      Necr           2%         N/A       99%         5
 Dispersal                Tloc           2%         N/A       100%        6
 Starburst                Conj/Fire      3%         8x6d3     100%        6
 Chain Lightning          Conj/Air       3%         3d4       100%        9
 Fire Storm               Conj/Fire      3%         8d1       100%        9


Dungeon Overview and Level Annotations

Branches:
Dungeon (6/15)
 Temple: D:4-7

Altars:
Ashenzari
Cheibriados
Dithmenos
Wu Jian
Xom
Zin

Shops:
D:2 (


Innate Abilities, Weirdness & Mutations

You are amphibious.
You cover ground slowly.
You can hop short distances.
You have an extended range of vision and can be seen from far away.


Message History

Magic restored.
HP restored.
i - 20 poisoned darts (gained 1)
A two-headed ogre comes into view.
It is wielding two +0 giant spiked clubs.
Throw: 20 darts (poison)
Press: ? - help, Q - select action, (/) - cycle Shift-Dir - straight line, f - two-headed ogre
Aim: a two-headed ogre, wielding two +0 giant spiked clubs (asleep, 98% to hit)
You throw a poisoned dart.
The poisoned dart hits the two-headed ogre.
The two-headed ogre is poisoned.
The two-headed ogre shouts in stereo!
Throw: 19 darts (poison)
Press: ? - help, Q - select action, (/) - cycle Shift-Dir - straight line, f/p - two-headed ogre
Aim: a two-headed ogre, wielding two +0 giant spiked clubs (poisoned, 76% to hit)
You throw a poisoned dart.
The poisoned dart hits the two-headed ogre.
The two-headed ogre looks even sicker.
Casting: Ozocubu's Armour (dangerous; 3% risk of failure)
Confirm with . or Enter, or press ? or * to list all spells.
Casting: Frozen Ramparts (dangerous; 3% risk of failure)
Press: ? - help, Dir - look around, f - activate The walls around you are covered in ice.
Casting: Frozen Ramparts (dangerous; 3% risk of failure)
Confirm with . or Enter, or press ? or * to list all spells.
A film of ice covers your body!
Throw: 18 darts (poison)
Press: ? - help, Q - select action, (/) - cycle Shift-Dir - straight line, f - two-headed ogre
Aim: a two-headed ogre, wielding two +0 giant spiked clubs (moderately wounded, very poisoned, 76% to hit)
You throw a poisoned dart.
The poisoned dart barely misses the two-headed ogre.
The wall freezes the two-headed ogre.
You hit the two-headed ogre.
The two-headed ogre is moderately wounded.
The wall freezes the two-headed ogre!
The two-headed ogre hits you with a +0 giant spiked club! x2
You barely miss the two-headed ogre.
The two-headed ogre is heavily wounded.
The wall freezes the two-headed ogre.
The two-headed ogre hits you with a +0 giant spiked club!!
You die...

##.#......#
#.#.#.##.#
#...#.....
##..#.##.#
####..#.##.#
#...†.#.##.#
#.###.#.##.# #
#...##.#
##..##@#####
#.....O...#####(
#........(......
##........######
#...[....#
#........#
..........#
###..#######
.....


You could see a two-headed ogre (poisoned).

Vanquished Creatures
  A water moccasin (D:6)
  An ogre (D:6)
  A kobold brigand (D:6)
  2 scorpions (D:4)
  A howler monkey (D:4)
  An iguana (D:5)
  2 orc wizards (D:3)
  A hound zombie (D:5)
  7 gnolls
  4 adders
  An adder skeleton (D:4)
  7 dart slugs
  7 orcs (D:3)
  5 ball pythons
  4 bats
  6 endoplasms
  3 giant cockroaches
  7 hobgoblins
  4 quokkas
  5 frilled lizards
  8 goblins
  9 kobolds
  6 rats
93 creatures vanquished.

Notes
Turn   | Place    | Note
-------+----------+-------------------------------------------
     0 | D:1      | ubername the Barachi Ice Elementalist began the quest for
                  | the Orb.
     0 | D:1      | Reached XP level 1. HP: 13/13 MP: 3/3
    85 | D:1      | Reached skill level 5 in Ice Magic
   542 | D:1      | Reached XP level 2. HP: 19/19 MP: 5/5
  1712 | D:2      | Reached XP level 3. HP: 24/24 MP: 6/6
  1716 | D:2      | Learned a level 3 spell: Frozen Ramparts
  1720 | D:2      | Learned a level 3 spell: Ozocubu's Armour
  1796 | D:2      | Reached skill level 1 in Long Blades
  1884 | D:2      | Reached skill level 1 in Throwing
  1914 | D:2      | Reached XP level 4. HP: 20/30 MP: 1/8
  2045 | D:2      | Found Goce's Weapon Shop.
  2083 | D:2      | Found a faded altar of an unknown god.
  2093 | D:2      | Reached skill level 1 in Armour
  3085 | D:3      | Reached XP level 5. HP: 35/35 MP: 0/9
  4201 | D:4      | Identified the +4 dagger of the Original Sin {drain, rF+
                  | Will+}
  4243 | D:4      | Found a snail-covered altar of Cheibriados.
  4272 | D:4      | Found a shadowy altar of Dithmenos.
  4286 | D:4      | Reached skill level 1 in Conjurations
  4286 | D:4      | Reached XP level 6. HP: 27/42 MP: 4/11
  4739 | D:4      | Reached skill level 6 in Ice Magic
  5156 | D:4      | Found a shimmering altar of Xom.
  5156 | D:4      | Found an ornate altar of the Wu Jian Council.
  5204 | D:5      | Entered Level 5 of the Dungeon
  5794 | D:5      | Found a glowing silver altar of Zin.
  5821 | D:6      | Found a broken altar of Ashenzari.
  5834 | D:6      | Reached XP level 7. HP: 39/47 MP: 5/12
  6111 | D:6      | Reached skill level 1 in Fighting
  6334 | D:6      | Noticed a two-headed ogre
  6345 | D:6      | Slain by a two-headed ogre

Illustrated notes

Levels and vault maps discovered:
D:1:      shiori_shiawase, layout_rooms, chequers_mini_garden,
          nrook_mini_vaults, minmay_split_cup_small
D:2:      layout_basic, serial_shops, nicolae_shop_window_shopping,
          hellmonk_ecumenical_altar_pennies_from_heaven, minivault_24
D:3:      layout_basic
D:4:      layout_basic, kennysheep_slug_shrine,
          gammafunk_temple_overflow_statue, grunt_dithmenos_smoke_and_mirrors
D:5:      layout_basic, zin_treasury
D:6:      layout_basic, ashenzari_altar_1, minmay_unpleasant_kobolds

Skill      XL: |  1  2  3  4  5  6  7 |
---------------+----------------------+-----
Ice Magic      | 5 6 |  6.9
Long Blades    | 1 2 |  2.6
Throwing       | 1 2 |  2.2
Armour         | 2 3 |  3.1
Spellcasting   | 3 4 |  4.8
Conjurations   | 1 |  1.9
Fighting       | 1 |  1.0
Short Blades   | |  0.4
Slings         | |  0.5
Dodging        | |  2.6
Stealth        | |  1.7

Action                   |  1- 3 |  4- 6 |  7- 9 || total
-------------------------+-------+-------+-------++-------
Melee: Dagger            |    28 |    96 |    18 ||   142
       Hand axe          |     1 |       |       ||     1
Throw: Stone             |    14 |       |       ||    14
       Dart              |    26 |    27 |    12 ||    65
 Cast: Freeze            |    30 |     4 |     1 ||    35
       Frozen Ramparts   |     2 |    18 |     5 ||    25
       Ozocubu's Armour  |       |     6 |     3 ||     9
 Abil: Hop               |       |     1 |       ||     1
  Use: Scroll            |       |     4 |     4 ||     8
 Stab: Sleeping          |     1 |     1 |       ||     2
Armor: Robe              |    12 |       |       ||    12
       Leather armour    |     9 |    29 |     5 ||    43
Dodge: Dodged            |    33 |    61 |     6 ||   100
